 Dungeon Crawl Stone Soup version 0.31.0 (webtiles) character file.

Game seed: 18370804986106169765

758 dorian the Ruffian (level 7, -10/46 HPs)
             Began as an Octopode Shapeshifter on Jan 19, 2024.
             Mangled by an ogre
             ... wielding a +0 giant club
              (25 damage)
             ... on level 5 of the Dungeon.
             The game lasted 00:07:58 (4505 turns).

dorian the Ruffian (Octopode Shapeshifter)          Turns: 4505, Time: 00:07:58

Health: -10/46     AC:  1    Str: 15    XL:     7   Next: 80%
Magic:  16/16      EV: 14    Int: 12    God:
Gold:   141        SH:  0    Dex: 17    Spells: 6/6 levels left

rFire   . .          .
                       - Unarmed
rCold   . . .        (no shield)
rNeg    . . .        (helmet currently unavailable)
rPois   .            (no amulet)
rElec   .            e - ring "Ixkanudiv" {MP+9 Dex+5}
rCorr   .            j - ring of flight
SInv    .            (no ring)
Will    .....        (no ring)
Stlth   +++          (no ring)
HPRegen 0.27/turn    (no ring)
MPRegen 0.15/turn    (no ring)
                     (no ring)

%: no passive effects
@: beast-form, flying
A: beast (slay +3), almost no armour, amphibious, 8 rings, camouflage 1,
gelatinous body 1, (nimble swimmer 1), tentacles
a: Begin Untransformation


You were on level 5 of the Dungeon.
You were a hulking beast.
You visited 1 branch of the dungeon, and saw 5 of its levels.
You also visited: Sewer.

You collected 301 gold pieces.
You spent 160 gold pieces at shops.

Inventory:

Hand Weapons
 l - a +4 sling
Jewellery
 e - the ring "Ixkanudiv" (left tentacle) {MP+9 Dex+5}
   (You found it on level 2 of the Dungeon)

   [ring of magical power]

   Dex+5:     It affects your dexterity (+5).
   MP+9:      It affects your magic capacity (+9).
 j - a ring of flight (right tentacle)
Talismans
 b - a beast talisman
 c - a flux talisman
 g - a serpent talisman
 n - a blade talisman
Scrolls
 f - 2 scrolls of revelation {unknown}
 i - 2 scrolls of silence {unknown}
 k - a scroll of enchant weapon {unknown}
 m - 2 scrolls of enchant armour {unknown}
 p - a scroll of teleportation {unknown}
 r - 3 scrolls of identify
 z - 3 scrolls of blinking
Potions
 a - 2 potions of lignification
 d - 2 potions of might
 h - 3 potions of haste
 o - a potion of mutation {unknown}
 q - 3 potions of curing
 w - 2 potions of heal wounds


   Skills:
 + Level 3.3 Fighting
 + Level 3.8 Dodging
 * Level 5.7 Unarmed Combat
 * Level 5.3 Shapeshifting


You had 6 spell levels left.
You didn't know any spells.
Your spell library contained the following spells:

 Spells                   Type           Power      Damage    Failure   Level
 Shock                    Conj/Air       0%         1d3       32%         1
 Static Discharge         Conj/Air       0%         3-3/arc   45%         2
 Call Canine Familiar     Summ           0%         N/A       69%         3
 Sigil of Binding         Hex            0%         N/A       69%         3
 Swiftness                Air            0%         N/A       69%         3
 Airstrike                Air            0%         2d(0-16)  97%         4
 Dimensional Bullseye     Hex/Tloc       0%         N/A       97%         4
 Summon Lightning Spire   Summ/Air       0%         N/A       97%         4
 Iskenderun's Battlesphe  Conj           0%         2d6       100%        5
 Bombard                  Conj/Erth      0%         9d1       100%        6
 Spellforged Servitor     Conj/Summ      0%         N/A       100%        7


Dungeon Overview and Level Annotations

Branches:
Dungeon (5/15) Zot: 25961   Sewer (visited)
 Temple: D:4-7

Altars:
Ashenzari
Elyvilon
Nemelex Xobeh
Okawaru
Yredelemnul
Zin

Shops:
D:1 [*   D:3 !?   D:5 [[

Annotations:
D:3 1 runed translucent door, Crazy Yiuf
D:5 1 transporter


Innate Abilities, Weirdness & Mutations

You are a hulking beast.
Your limbs bulge with bestial killing power. (Slay +3)
You cannot wear most types of armour.
You are amphibious.
You can wear up to eight rings at the same time.
Your skin changes colour to match your surroundings (Stealth+).
Your rubbery body absorbs attacks. (AC +1, EV +1)
((You are camouflaged when in or above water. (Stealth+)))
You have tentacles for arms and can constrict up to eight enemies at once.


Message History

You grab the gnoll sergeant.
You tentacle-slap the gnoll sergeant, but do no damage.
The gnoll sergeant is heavily wounded.
You constrict the gnoll sergeant, but do no damage.
The gnoll misses you.
The gnoll sergeant hits you with a +0 spear!
You tentacle-slap the gnoll sergeant but do no damage.
You squeeze the gnoll sergeant!
The gnoll sergeant is almost dead.
You constrict the gnoll sergeant.
The gnoll hits you from afar with a +0 spear.
The gnoll sergeant hits you with a +0 spear!
You barely miss the gnoll sergeant.
The gnoll sergeant is almost dead.
You constrict the gnoll sergeant, but do no damage.
You barely miss the gnoll sergeant. You squeeze the gnoll sergeant.
You kill the gnoll sergeant!
The gnoll closely misses you. The gnoll barely misses you.
You tentacle-slap the gnoll. You grab the gnoll. You squeeze the gnoll.
The gnoll is almost dead.
You constrict the gnoll.
You kill the gnoll!
HP restored.
You now have 141 gold pieces (gained 3).
An ogre comes into view. It is wielding a +0 giant club.
An ogre is nearby!
The ogre shouts!
You hear a shout!
You tentacle-slap the ogre. You squeeze the ogre.
The ogre is moderately wounded.
You barely miss the ogre.
Your tentacle-slap misses the ogre.
You squeeze the ogre!
The ogre is severely wounded.
The ogre hits you with a +0 giant club!!
Ouch! That really hurt!
You bludgeon the ogre!
The ogre is almost dead.
The ogre hits you with a +0 giant club!!
Ouch! That really hurt!
You die...

#.......##.#
##########.#
#..........#
#.##########
#.# #.# #.#
#.# #h# #O#
#.# #.# #.#
#.# #.# #..


You could see an ogre.

Vanquished Creatures
  2 bullfrogs (Sewer)
  A gnoll sergeant (D:5)
  3 wights (D:4)
  A jelly (D:2)
  An orc priest (D:5)
  A bombardier beetle (D:4)
  2 iguanas (D:4)
  8 adders
  5 gnolls
  A river rat (D:5)
  A ribbon worm (D:5)
  5 dart slugs
  9 orcs
  12 ball pythons
  13 endoplasms
  7 giant cockroaches
  2 goblins
  6 hobgoblins
  6 jackals
  11 kobolds
  3 quokkas
  7 bats
  14 frilled lizards
  7 rats
128 creatures vanquished.

Notes
Turn   | Place    | Note
-------+----------+-------------------------------------------
     0 | D:1      | dorian the Octopode Shapeshifter began the quest for the
                  | Orb.
     0 | D:1      | Reached XP level 1. HP: 13/13 MP: 1/1
    70 | D:1      | Found a faded altar of an unknown god.
   190 | D:1      | Reached XP level 2. HP: 17/18 MP: 2/2
   196 | D:1      | Found Puf Liul's Assorted Antiques.
   206 | D:1      | Bought a sapphire potion for 13 gold pieces
   206 | D:1      | Bought a scroll labelled GAUNACH LIREYT for 15 gold pieces
   341 | D:1      | Found Gaumi's Armour Emporium.
   837 | D:2      | Reached XP level 3. HP: 22/23 MP: 3/3
  1070 | D:2      | Identified the ring "Ixkanudiv" {MP+9 Dex+5}
  1217 | D:2      | Reached XP level 4. HP: 17/28 MP: 4/4
  1504 | D:2      | Found a white marble altar of Elyvilon.
  1504 | D:2      | Found a basalt altar of Yredelemnul.
  1504 | D:2      | Found a broken altar of Ashenzari.
  1504 | D:2      | Found a glowing silver altar of Zin.
  1504 | D:2      | Found an iron altar of Okawaru.
  1504 | D:2      | Found a glowing silver altar of Zin.
  1520 | D:2      | HP: 2/43 [acid (5)]
  1525 | D:2      | HP: 1/43 [endoplasm (3)]
  1760 | D:2      | Reached XP level 5. HP: 34/34 MP: 5/5
  2029 | D:3      | Found a sparkling altar of Nemelex Xobeh.
  2093 | D:3      | Found Uguenaimp's Magic Scroll Emporium.
  2130 | D:3      | Found Vid Cor's Distillery.
  2147 | D:3      | Bought a potion of heal wounds for 55 gold pieces
  2147 | D:3      | Bought a potion of might for 44 gold pieces
  2147 | D:3      | Bought a potion of lignification for 33 gold pieces
  2311 | D:3      | Found a runed translucent door.
  2312 | D:3      | Noticed Crazy Yiuf
  3009 | D:4      | Reached XP level 6. HP: 36/40 MP: 6/6
  3462 | D:5      | Entered Level 5 of the Dungeon
  3516 | D:5      | Found a glowing drain.
  3520 | Sewer    | Entered a sewer
  3629 | Sewer    | Reached skill level 5 in Unarmed Combat
  3636 | Sewer    | Reached XP level 7. HP: 45/45 MP: 7/7
  3731 | Sewer    | Reached skill level 5 in Shapeshifting
  4049 | D:5      | Found a transporter.
  4049 | D:5      | Found Jeolupon's Antique Armour Emporium.
  4070 | D:5      | Found Pisimaarch's Armour Emporium.
  4505 | D:5      | Mangled by an ogre

Illustrated notes

Levels and vault maps discovered:
D:1:      dpeg_arrival_orchard, layout_loops_ring,
          chequers_ecumenical_altar_simple_redux, serial_shops, shop, shop
D:2:      cheibrodos_fertilizer, layout_rooms
D:3:      layout_basic, mainiacjoe_overflow_24_doors, serial_shops,
          nicolae_shop_tiny_statue_garden, shop, minmay_misc_feat_encased,
          uniq_crazy_yiuf_cottage
D:4:      layout_loops_cross, serial_park_tiny_pond
D:5:      minmay_polygon_palace, layout_loops_ring,
          minmay_temple_entry_statues_fountains, gup_sewer_entry_bowl,
          serial_shops, nicolae_shop_drivethru, shop, shop, shop,
          ebering_ghost_rock_garden

Skill      XL: |  1  2  3  4  5  6  7 |
---------------+----------------------+-----
Unarmed Combat | 4 5 |  5.7
Fighting       | 2 3 |  3.3
Shapeshifting  | 4 5 |  5.3
Dodging        | 3 |  3.8

Action                     |  1- 3 |  4- 6 |  7- 9 || total
---------------------------+-------+-------+-------++-------
  Melee: Unarmed           |    74 |   124 |    75 ||   273
         Tentacles         |    12 |    18 |    16 ||    46
         Constrict         |    15 |    28 |    23 ||    66
         Punch             |     1 |     9 |     1 ||    11
    Use: Potion            |     1 |     2 |       ||     3
         Scroll            |       |     6 |       ||     6
   Stab: Sleeping          |     5 |    14 |     1 ||    20
 Armour: Skin              |    29 |    55 |    49 ||   133
  Dodge: Dodged            |    29 |    57 |    53 ||   139
